 Dungeon Crawl Stone Soup version 0.23-a0-673-g3803c42f16 (webtiles) character file.

44 Adamkad1 the Insei (level 3, 0/30 HPs)
             Began as a Draconian Transmuter on Jan 9, 2019.
             Succumbed to an adder's poison
             ... on level 2 of the Dungeon.
             The game lasted 00:01:12 (974 turns).

Adamkad1 the Insei (Draconian Transmuter)            Turns: 974, Time: 00:01:13

Health: 0/30       AC:  5    Str: 11 (12) XL:     3   Next: 41%
Magic:  6/6        EV: 12    Int: 11 (13) God:
Gold:   74         SH:  0    Dex: 10 (12) Spells: 6/7 levels left

rFire    . . .     SeeInvis .     - Unarmed
rCold    . . .     Gourm    .   (no shield)
rNeg     . . .     Faith    .   (armour unavailable)
rPois    .         Spirit   .   (helmet restricted)
rElec    .         Reflect  .   (no cloak)
rCorr    .         Harm     .   (no gloves)
MR       .....                  (boots currently unavailable)
Stlth    +.........             (no amulet)
HPRegen  0.10/turn              (no ring)
MPRegen  0.10/turn              (no ring)

@: lethally poisoned (0 -> -8), appendage (expiring)
A: unfitting armour, talons 3, robust 1, evolution 1, cold-blooded, AC +5
a: End Transformation


You were on level 2 of the Dungeon.
You were hungry.
You had grown temporary talons.
You visited 1 branch of the dungeon, and saw 2 of its levels.

You collected 74 gold pieces.

Inventory:

Missiles
 a - 18 arrows
Scrolls
 f - a scroll of identify {unknown}
 i - a scroll of magic mapping {unknown}
Potions
 b - a potion of degeneration
Comestibles
 c - 3 rations
 d - 2 chunks of flesh


   Skills:
 + Level 1.6 Fighting
 + Level 2.0 Dodging
 + Level 3.2 Unarmed Combat
 * Level 2.5 Spellcasting
 * Level 2.6 Transmutations


You had 6 spell levels left.
You knew the following spells:

 Your Spells              Type           Power        Failure   Level  Hunger
a - Beastly Appendage     Tmut           #.....       10%         1    ##.....

Your spell library contained the following spells:

 Spells                   Type           Power        Failure   Level  Hunger
 Sticks to Snakes         Tmut           #.......     14%         2    ###....
 Spider Form              Tmut/Pois      #.........   43%         3    ####...
 Ice Form                 Ice/Tmut       #.......     85%         4    #####..
 Blade Hands              Tmut           #.........   95%         5    ######.


Dungeon Overview and Level Annotations

Branches:
Dungeon (2/15)

Altars:


Innate Abilities, Weirdness & Mutations

Your plain brown scales are hard. (AC +5)
You cannot fit into any form of body armour.
You are cold-blooded and may be slowed by cold attacks.
You have claws for feet.
You are robust. (+10% HP)
You evolve.


Message History

The adder is almost dead.
The adder closely misses you.
You hit the adder.
You kill the adder!
You feel sick.
You miss the adder. The adder bites you.
* * * LOW HITPOINT WARNING * * *
You are lethally poisoned!
The adder poisons you! The adder misses you.
You hit the adder but do no damage.
* * * LOW HITPOINT WARNING * * *
You feel sick. The adder completely misses you.
You closely miss the adder. Your kick misses the adder.
* * * LOW HITPOINT WARNING * * *
You feel sick. The adder closely misses you.
You hit the adder but do no damage. Your kick misses the adder.
The adder bites you.
* * * LOW HITPOINT WARNING * * *
You barely miss the adder.
You die...

#.. ....... #... .......
#... ##.....##
#...##........
#.............
#.............
###.#w#.....## #S##...##
#@#######
###########.......#
#.P...bPPP#..####...
#############....##
#.............##..#
#.###############.#
#.#....PPP..#####.#######
#.###########.##......^.
#.# #.........##


You could see a worm and an adder.

Vanquished Creatures
  3 adders (D:2)
  A dart slug (D:1)
  3 leopard geckos (D:1)
  2 giant cockroaches
  A goblin (D:2)
  2 hobgoblins (D:1)
  A rat (D:1)
13 creatures vanquished.

Notes
Turn   | Place    | Note
-------+----------+-------------------------------------------
     0 | D:1      | Adamkad1 the Draconian Transmuter began the quest for the
                  | Orb.
     0 | D:1      | Reached XP level 1. HP: 16/16 MP: 3/3
   496 | D:1      | Reached XP level 2. HP: 21/23 MP: 3/5
   891 | D:2      | HP: 1/23 [adder (1)]
   892 | D:2      | Gained mutation: You are robust. (+10% HP) [potion of
                  | mutation]
   892 | D:2      | Gained mutation: You evolve. [potion of mutation]
   896 | D:2      | Reached XP level 3. HP: 27/30 MP: 4/6
   973 | D:2      | HP: 1/30 [adder (4)]
   974 | D:2      | Succumbed to an adder's poison

Vault maps used:
D:1:      dpeg_arrival_rooms_b, corexii_corridor_pit
D:2:      nicolae_overflow_crystal_walls, marbit_many_paths, first_ration,
          serial_aquarium, aquarium_bridge_island_small,
          aquarium_bridge_straight, aquarium_window_fake, aquarium_window_3,
          aquarium_window_fake, aquarium_window_2, aquarium_view_2f,
          aquarium_pool_corner, minmay_split_cup_large

Skill      XL: |  1  2 |
---------------+-------+-----
Dodging        | 2 |  2.0
Fighting       | |  1.6
Unarmed Combat | |  3.2
Spellcasting   | |  2.5
Transmutations | |  2.6

Action                   || total
-------------------------++-------
Melee: Unarmed           ||    72
       Kick              ||     8
       Tailslap          ||     5
       Headbutt          ||     3
 Cast: Beastly Appendage ||    13
  Use: Potion            ||     4
Armor: Skin              ||    21
Dodge: Dodged            ||    49

Table legend:
 A = Non-vault XP
 B = Vault XP
 C = Vault XP percentage of total XP
 D = Non-vault monster count
 E = Vault monster count
 F = Vault count percentage of total count
                 A         B        C        D         E       F
            +---------+---------+-------+---------+---------+-------
      Total |      64 |       0 |   0.0 |      13 |       0 |   0.0
            +---------+---------+-------+---------+---------+-------
        D:1 |      20 |       0 |   0.0 |       8 |       0 |   0.0
        D:2 |      44 |       0 |   0.0 |       5 |       0 |   0.0
            +---------+---------+-------+---------+---------+-------
